 Dungeon Crawl Stone Soup version 0.20-a0-201-g851c6fa (webtiles) character file.

16 feito the Chiller (level 2, 0/13 HPs)
             Began as a Vine Stalker Ice Elementalist on Nov 24, 2016.
             Succumbed to an adder's poison
             ... on level 2 of the Dungeon.
             The game lasted 00:04:24 (744 turns).

feito the Chiller (Vine Stalker Ice Elementalist)    Turns: 744, Time: 00:04:26

Health: 0/13       AC:  2    Str: 10    XL:     2   Next: 54%
Magic:  0/6        EV: 12    Int: 15    God:
Gold:   29         SH:  0    Dex: 14    Spells: 4/5 levels left

rFire  . . .     SeeInvis .     (no weapon)
rCold  . . .     Gourm    .     a - +0 robe
rNeg   . . .     Faith    .     (no shield)
rPois  .         Spirit   +     (no helmet)
rElec  .         Reflect  .     (no cloak)
rCorr  .         Harm     .     (no gloves)
MR     .....                    (no boots)
Stlth  ++........               (no amulet)
                                (no ring)
                                (no ring)

@: lethally poisoned (0 -> -8), flying, very slightly contaminated
A: fangs 2, magic shield, antimagic bite, no device heal 3, rot immunity
a: no special abilities


You were on level 2 of the Dungeon.
You were not hungry.

You visited 1 branch of the dungeon, and saw 2 of its levels.

You collected 29 gold pieces.

Inventory:

Armour
 a - a +0 robe (worn)
Wands
 h - a wand of flame (29/48)
Scrolls
 d - a scroll of fear {unknown}
 f - a scroll of identify {unknown}
 i - a scroll of amnesia {unknown}
Books
 b - a book of Frost

   Spells                             Type                      Level
   a - Freeze                         Ice                          1
   b - Throw Frost                    Conjuration/Ice              2
   c - Ozocubu's Armour               Charms/Ice                   3
   d - Throw Icicle                   Conjuration/Ice              4
   e - Summon Ice Beast               Ice/Summoning                4
Comestibles
 c - a bread ration
 g - a beef jerky


   Skills:
 + Level 1.8 Dodging
 + Level 2.6 Stealth
 + Level 2.4 Spellcasting
   Level 1.0 Conjurations
 * Level 3.3 Ice Magic


You had 4 spell levels left.
You knew the following spells:

 Your Spells              Type           Power        Failure   Level  Hunger
a - Freeze                Ice            ##..         8%          1    #......


Dungeon Overview and Level Annotations

Branches:
Dungeon (2/15)

Altars:


Innate Abilities, Weirdness & Mutations

You have extremely sharp teeth.
When hurt, damage is shared between your health and your magic reserves.
Your bite disrupts and absorbs the magic of your enemies.
Potions and wands cannot restore your health.
You are immune to rotting.


Message History

You feel sick.
The adder is no longer moving slowly.
Zapping:
h - a wand of flame (?/48) (will waste charges)
Press: ? - help, Shift-Dir - straight line, f/p - adder
Aim: an adder (moderately wounded)
The puff of flame hits the adder.
The adder is severely wounded.
Evoking this partially-identified wand wasted a few charges.
The adder bites you.
* * * LOW HITPOINT WARNING * * *
It was a potion of flight.
You feel very buoyant.
You fly up into the air.
* * * LOW HITPOINT WARNING * * *
You feel sick. The adder closely misses you.
Zapping:
h - a wand of flame (?/48) {zapped: 2} (will waste charges)
Press: ? - help, Shift-Dir - straight line, f/p - adder
Aim: an adder (severely wounded)
The puff of flame misses the adder.
Evoking this partially-identified wand wasted a few charges.
You die...

.........#...............#.#
.....>...#..........####.#.#
..[.......#...)......###.#.#
..........#..........'...#.#
..........#..........#####.#
.....................# #.#
.....................## #.#
......................# #.#
#..#+##.........@.....# #.#
...#.#.......)..S..##.# #.#
...#...............##.####.#
...###<............##......#
........###........#########
...#....# ##.......#
...#....# #.......# ..
#....####.......# ..
#....+..........#


You could see an adder.

Vanquished Creatures
  2 leopard geckos (D:1)
  A bat (D:1)
  A giant cockroach (D:1)
  3 goblins
  4 kobolds
  A frilled lizard (D:1)
12 creatures vanquished.

Notes
Turn   | Place    | Note
-------+----------+-------------------------------------------
     0 | D:1      | feito the Vine Stalker Ice Elementalist began the quest for the Orb.
     0 | D:1      | Reached XP level 1. HP: 9/9 MP: 4/4
   302 | D:1      | Reached XP level 2. HP: 13/13 MP: 3/6
   744 | D:2      | Succumbed to an adder's poison

Vault maps used:
D:1:      minmay_arrival_up_and_down, serial_park_tiny_pond
D:2:      nicolae_gozag_cash_rules_everything_around_me,
          nicolae_overflow_hidden_temple, serial_curves, eino_curves_02,
          eino_curves_01, first_bread, hangedman_decor_clover_reticule

Action                   || total
-------------------------++-------
 Cast: Freeze            ||    20
Evoke: Wand              ||     2
  Use: Potion            ||     1
Armor: Robe              ||     3
Dodge: Dodged            ||     8
